Map: 벨시르 잔재 (공허)

Players

Bunny

  • Race: Terran Terran
  • Spawn Location: 5:00

Krr - Winner!

  • Race: Protoss Protoss
  • Spawn Location: 11:00

Event: IEM XI Katowice - World Championship 2017

VOD

Have the link to the VOD?

Description

Time

  • Played on: Feb. 28, 2017, 6:24 a.m.
  • Length: 5:55

All games in this series

Show
View Real Time Build Order
Export as new Build Order

Bunny Terran 

Build Orders: Cyclone Opening, Reaper Expand 

Get SALT Encoding   

  12  0:00  SCV  
  13  0:13  SCV  
  14  0:17  Supply Depot  
  14  0:25  SCV  
  15  0:38  SCV  
  15  0:40  Barracks  
  16  0:45  Refinery  
  16  0:50  SCV  
  17  1:03  SCV  
  18  1:15  SCV  
  19  1:27  Orbital Command  
  19  1:28  Reaper  
  20  1:38  Command Center  
  20  1:51  Supply Depot  
  20  1:52  SCV  
  21  2:00  Marine  
  22  2:04  SCV  
  22  2:06  Factory  
  23  2:11  Refinery  
  23  2:16  SCV  
  24  2:23  Barracks Reactor  
  24  2:28  SCV  
  25  2:40  SCV  
  26  2:49  Orbital Command  
  25  2:51  Cyclone  
  25  2:53  SCV  
  25  2:54  Engineering Bay  
  29  2:59  Marine x2  
  29  3:05  SCV  
  32  3:10  Supply Depot  
  32  3:17  Marine x2  
  34  3:22  Supply Depot  
  34  3:26  Cyclone  
  37  3:35  Marine x2  
  37  3:38  SCV  
  40  3:43  Supply Depot  
  40  3:53  Marine x2  
  41  3:58  Cyclone  
  41  3:59  SCV x2  
  41  4:02  Starport  
  44  4:06  Supply Depot  
  44  4:11  Marine x2  
  46  4:18  Supply Depot  
  46  4:21  SCV  
  47  4:28  Marine x2  
  47  4:30  Cyclone  
  48  4:32  Orbital Command  
  43  5:01  Viking  
  43  5:06  Cyclone  
  46  5:10  Barracks  
  46  5:13  Barracks  
Show
View Real Time Build Order
Export as new Build Order

Krr Protoss - Winner!

Build Orders:  

Get SALT Encoding   

  12  0:00  Probe (Chrono Boost)  
  13  0:11  Probe (Chrono Boost)  
  14  0:17  Pylon  
  14  0:21  Probe (Chrono Boost)  
  15  0:35  Probe (Chrono Boost)  
  16  0:36  Gateway  
  16  0:42  Assimilator  
  16  0:45  Probe (Chrono Boost)  
  17  0:54  Pylon  
  17  0:56  Probe (Chrono Boost)  
  18  1:07  Probe (Chrono Boost)  
  19  1:13  Gateway  
  19  1:17  Probe (Chrono Boost)  
  20  1:24  Cybernetics Core  
  20  1:28  Probe (Chrono Boost)  
  21  1:35  Assimilator  
  21  1:39  Probe (Chrono Boost)  
  22  1:49  Probe (Chrono Boost)  
  23  2:00  Warp Gate  
  27  2:01  Adept  
  27  2:02  Adept, Mothership Core (Chrono Boost)  
  27  2:05  Pylon  
  29  2:28  Adept  
  29  2:29  Adept  
  33  2:48  Probe (Chrono Boost)  
  33  2:51  Stargate  
  34  2:59  Adept  
  34  3:00  Adept  
  38  3:09  Pylon  
  38  3:11  Pylon  
  38  3:13  Pylon  
  38  3:26  Gateway  
  38  3:28  Void Ray  
  36  3:38  Probe (Chrono Boost)  
  41  3:53  Probe (Chrono Boost)  
  42  4:06  Void Ray  
  42  4:07  Zealot, Stalker  
  46  4:11  Pylon  
  50  4:22  Pylon  
  50  4:36  Stalker  
  50  4:37  Stalker  
  52  4:39  Stalker  
  54  4:46  Pylon  
  54  4:54  Void Ray  
  50  5:22  Adept x3  

Tags
 
Add a new tag
Caveats
  • Supply blocks, unpowered buildings, or Contaminate may cause inaccurate times.
  • Supply counts are checked every 10 seconds.